 Dungeon Crawl Stone Soup version 0.28-a0-1206-g193881aaa2 (webtiles) character file.

Game seed: 1704913366200023055

28 bearlyready the Cutter (level 3, -1/23 HPs)
             Began as a Kobold Berserker on Dec 21, 2021.
             Was a Follower of Trog.
             Slain by Crazy Yiuf (8 damage)
             ... on level 2 of the Dungeon.
             The game lasted 00:01:07 (1105 turns).

bearlyready the Cutter (Kobold Berserker)           Turns: 1105, Time: 00:01:08

Health: -1/23      AC:  3    Str: 14    XL:     3   Next: 30%
Magic:  3/3        EV: 14    Int:  8    God:    Trog [*.....]
Gold:   48         SH:  0    Dex: 16    Spells: 2/2 levels left

rFire   . . .      SeeInvis .   d - +0 short sword (freeze)
rCold   . . .      Faith    .   (shield restricted)
rNeg    . . .      Spirit   .   c - +0 leather armour
rPois   .          Reflect  .   (no helmet)
rElec   .          Harm     .   (no cloak)
rCorr   .          Rampage  .   (no gloves)
Will    .....                   (no boots)
Stlth   +++.......              (no amulet)
HPRegen 0.07/turn               (no ring)
MPRegen 0.08/turn               (no ring)

@: no status effects
A: small, no large weapons, nightstalker 3
a: Renounce Religion, Berserk


You were on level 2 of the Dungeon.
You worshipped Trog.
Trog was aware of your devotion.
You visited 1 branch of the dungeon, and saw 2 of its levels.

You collected 48 gold pieces.

Inventory:

Hand Weapons
 a - a +0 short sword
 d - a +0 short sword of freezing (weapon)
 f - a +0 hunting sling
Missiles
 g - 12 poisoned darts (quivered)
 k - 16 bolts
 l - 4 stones
Armour
 b - a +0 animal skin
 c - a +0 leather armour (worn)
Scrolls
 h - a scroll of immolation {unknown}
 i - a scroll of magic mapping {unknown}
 j - a scroll of enchant armour {unknown}
 m - a scroll of fear {unknown}
Potions
 e - a potion of resistance {unknown}
 n - a potion of attraction {unknown}


   Skills:
 - Level 3.2 Fighting
 + Level 4.8 Short Blades
 - Level 1.5 Armour
 - Level 2.4 Dodging
 + Level 2.7 Stealth


You had 2 spell levels left.
You didn't know any spells.
Your spell library was empty.

Dungeon Overview and Level Annotations

Branches:
Dungeon (2/15)

Altars:

Shops:
D:1 (

Annotations:
D:2 Crazy Yiuf


Innate Abilities, Weirdness & Mutations

You are small and have problems with some larger weapons.
You are completely attuned to the shadows.


Message History

No target in view!
You see here a bat corpse.
Key pressed, stopping explore.
You see here a +0 dagger.
Found a runed translucent door.
Found a mace.
No reachable target in view!
You open the door.
There is an open translucent door here.
Crazy Yiuf shouts!
Crazy Yiuf flaps his cloak.
Crazy Yiuf misses you.
You hit Crazy Yiuf. You freeze Crazy Yiuf.
Crazy Yiuf is lightly wounded.
Crazy Yiuf hits you but does no damage.
You hit Crazy Yiuf. You freeze Crazy Yiuf.
Crazy Yiuf is moderately wounded.
Crazy Yiuf cries, "Two shoe shoe!"
Crazy Yiuf hits you with a +4 quarterstaff of chaos.
You hit Crazy Yiuf but do no damage.
Crazy Yiuf is moderately wounded.
Crazy Yiuf barely misses you.
You hit Crazy Yiuf but do no damage.
Crazy Yiuf is moderately wounded.
You barely miss Crazy Yiuf.
Crazy Yiuf is moderately wounded.
Crazy Yiuf says, "Flower tired down!"
Crazy Yiuf closely misses you.
You hit Crazy Yiuf but do no damage.
Crazy Yiuf is moderately wounded.
Crazy Yiuf hits you with a +4 quarterstaff of chaos!
Crazy Yiuf freezes you.
You barely miss Crazy Yiuf.
Crazy Yiuf is moderately wounded.
Crazy Yiuf laughs, "Mama sing-song sing!"
Crazy Yiuf misses you.
You hit Crazy Yiuf. You freeze Crazy Yiuf.
Crazy Yiuf is heavily wounded.
Crazy Yiuf hits you with a +4 quarterstaff of chaos!
You die...

##.##..####
......####
#...........
.......##
#.#...#.####
#......##
#.......#
####..†.. ###..###
#..)## ##...#
#...# ###...#####
##### ####...#
#.....÷<..#
#)..### ##....#.#
#.##..###.#
#g@.'.####......##
#.##..###.#
#...##..#.......#
#.##......#
########.#....#.#
#.........#
#######..#
#####.###.# ####
#.[##.#####
#########
##.##.....#
#.#<....#
#..###.#.#
#.....#.###
##.###.#.#
###.......#


You could see Crazy Yiuf.

Vanquished Creatures
  A worm (D:2)
  2 dart slugs (D:2)
  3 giant cockroaches
  2 goblins
  A hobgoblin (D:1)
  3 quokkas (D:1)
  2 ball pythons (D:1)
  3 bats
  A frilled lizard (D:1)
  A kobold (D:2)
  2 rats
21 creatures vanquished.

Notes
Turn   | Place    | Note
-------+----------+-------------------------------------------
     0 | D:1      | bearlyready the Kobold Berserker began the quest for the
                  | Orb.
     0 | D:1      | Reached XP level 1. HP: 14/14 MP: 1/1
    97 | D:1      | Reached skill level 1 in Stealth
   121 | D:1      | Reached XP level 2. HP: 19/19 MP: 2/2
   181 | D:1      | Found Hibiy's Antique Weapon Shoppe.
   242 | D:1      | Found a faded altar of an unknown god.
   828 | D:2      | Reached XP level 3. HP: 20/23 MP: 3/3
  1090 | D:2      | Found a runed translucent door.
  1093 | D:2      | Noticed Crazy Yiuf
  1105 | D:2      | Slain by Crazy Yiuf

Illustrated notes

Levels and vault maps discovered:
D:1:      onia_arrival_mini_spirals, layout_basic, basic_ecumenical_altar,
          serial_shops, shop_statue
D:2:      layout_basic, nrook_mini_vaults, uniq_sigmund, uniq_crazy_yiuf_cottage

Skill      XL: |  1  2 |
---------------+-------+-----
Stealth        | 1 2 |  2.7
Fighting       | |  3.2
Short Blades   | |  4.8
Armour         | |  1.5
Dodging        | |  2.4

Action                   || total
-------------------------++-------
Melee: Short sword       ||    47
 Stab: Sleeping          ||    11
Armor: Animal skin       ||     1
       Leather armour    ||     4
Dodge: Dodged            ||    15

Table legend: (Time is in decaauts)
 A = Elapsed time spent in this place.
 B = Non-inter-level travel time spent in this place.
 C = Inter-level travel time spent in this place.
 D = Time resting spent in this place.
 E = Time spent auto-exploring this place.
 F = Levels seen in this place.
 G = Mean time per level.
                   A        B        C        D        E       F      G
               +--------+--------+--------+--------+--------+-----+--------+
         Total |   1098 |   1046 |     52 |      0 |    868 |   2 |  549.0 |
       Dungeon |   1098 |   1046 |     52 |      0 |    868 |   2 |  549.0 |
               +--------+--------+--------+--------+--------+-----+--------+

Top non-repeatable levels by time:
     D:1: 674 daAuts
     D:2: 424 daAuts
